 Dungeon Crawl Stone Soup version 0.17-a0-1941-gcc30b76 (webtiles) character file.

520 Kuldar the Covered (level 7, -3/61 HPs)
             Began as a Minotaur Fighter on Sept 30, 2015.
             Slain by an ice beast (7 damage)
             ... on level 4 of the Dungeon.
             The game lasted 00:07:54 (3093 turns).

Kuldar the Covered (Minotaur Fighter)               Turns: 3093, Time: 00:07:54

Health: -3/61      AC:  8    Str: 23    XL:     7   Next: 1%
Magic:  6/6        EV: 13    Int:  5    God:
Gold:   215        SH:  0    Dex: 14    Spells: 0 memorised, 6 levels left

rFire  . . .     SeeInvis .     a - +0 long sword
rCold  . . .     Clarity  .     b - +0 scale mail
rNeg   . . .     SustAt   .     c - +0 shield
rPois  .         Gourm    .     (helmet restricted)
rElec  .         Spirit   .     v - +0 cloak
rCorr  .         Warding  .     (no gloves)
rMut   .         Stasis   .     (no boots)
MR     .....                    (no amulet)
Stlth  ..........               (no ring)
                                (no ring)

@: confused, agile, not resistant to hostile enchantments, extremely unstealthy
A: retaliatory headbutt, horns 2
a: no special abilities


You were on level 4 of the Dungeon.
You were very hungry.

You visited 1 branch of the dungeon, and saw 5 of its levels.

You collected 215 gold pieces.

Inventory:

Hand weapons
 a - a +0 long sword (weapon)
 k - a +3 quarterstaff of chaos
Armour
 b - a +0 scale mail (worn)
 c - a +0 shield (worn)
 v - a +0 cloak (worn)
Magical devices
 p - a wand of polymorph (0)
Scrolls
 g - a scroll of immolation {unknown}
 h - 2 scrolls of noise {unknown}
 i - 2 scrolls of remove curse {unknown}
 j - a scroll of amnesia {unknown}
 m - 7 scrolls of identify {unknown}
 n - a scroll of fog {unknown}
 q - a scroll of magic mapping {unknown}
 r - a scroll of random uselessness {unknown}
 w - a scroll of recharging {unknown}
 y - a scroll of enchant armour {unknown}
Potions
 d - a potion of might
 o - a potion of agility
 u - a potion of curing {unknown}
 z - a potion of brilliance {unknown}
Comestibles
 e - 4 bread rations
 f - a slice of pizza
 l - a meat ration
 t - a beef jerky


   Skills:
 + Level 5.6 Fighting
 + Level 5.0 Long Blades
 + Level 5.8 Armour
 + Level 5.7 Shields


You had 6 spell levels left.
You didn't know any spells.

Dungeon Overview and Level Annotations

Branches:
Dungeon (5/15)
 Temple: D:4-7

Altars:
Ru


Innate Abilities, Weirdness & Mutations

You reflexively headbutt those who attack you in melee.
You have a pair of horns on your head.


Message History

The ice beast is heavily wounded.
The ice beast hits you but does no damage.
Sorry, you're not good enough to have a special ability.
Unknown command.
Sorry, you're not good enough to have a special ability.
Unknown command.
Drink which item? (? for menu, Esc to quit)
It was a potion of agility.
You feel agile all of a sudden. The ice beast hits you.
* * * LOW HITPOINT WARNING * * *
The ice beast freezes you.
* * * LOW HITPOINT WARNING * * *
Drink which item? (? for menu, Esc to quit)
It was a potion of ambrosia.
You are confused.
You feel invigorated. The ice beast hits you.
* * * LOW HITPOINT WARNING * * *
The ice beast freezes you!
You die...

#.# #..# #.#### #..# #....#
#..# ####.# #..# #.# #..##
############# #.# ##...#
#...........# ##.# #..#.#
#.#########.#####..# #....#
#.#...........YY@.## #..###
........###.#####.# #..#
....###.###(#####.#########..#
....###.##......#.........>>.#
.#...##.........#.#########.##
###.#####...................#
.#.............##.###########
...######......##.#
...######......##.#


You could see 2 ice beasts.

Vanquished Creatures
  A centaur (D:5)
  A scorpion (D:4)
  Crazy Yiuf (D:2)
  A centaur skeleton (D:4)
  An iguana (D:4)
  An orc priest (D:4)
  A worker ant (D:4)
  Jessica (D:2)
  3 orc wizards (D:4)
  A gnoll (D:1)
  6 adders
  2 worms
  4 giant geckos
  6 orcs
  4 bats
  10 goblins
  8 hobgoblins
  2 quokkas (D:4)
  4 ball pythons
  6 giant cockroaches
  4 giant newts
  10 kobolds
  6 rats
84 creatures vanquished.

Notes
Turn   | Place    | Note
--------------------------------------------------------------
     0 | D:1      | Kuldar the Minotaur Fighter began the quest for the Orb.
     0 | D:1      | Reached XP level 1. HP: 19/19 MP: 0/0
   250 | D:1      | Reached XP level 2. HP: 16/27 MP: 1/1
   328 | D:1      | Reached skill level 4 in Shields
   443 | D:1      | Reached XP level 3. HP: 7/33 MP: 2/2
  1273 | D:2      | Reached XP level 4. HP: 25/40 MP: 3/3
  1382 | D:2      | Found a faded altar to an unknown god.
  1467 | D:2      | Noticed Crazy Yiuf
  1570 | D:2      | Killed Crazy Yiuf
  1733 | D:2      | Noticed Jessica
  1737 | D:2      | Killed Jessica
  1737 | D:2      | Reached XP level 5. HP: 33/47 MP: 4/4
  2470 | D:4      | Reached skill level 5 in Shields
  2497 | D:4      | Reached skill level 5 in Fighting
  2572 | D:4      | Reached skill level 5 in Armour
  2572 | D:4      | Reached XP level 6. HP: 43/56 MP: 5/5
  2802 | D:4      | Found a sacrificial altar of Ru.
  3048 | D:5      | Entered Level 5 of the Dungeon
  3052 | D:5      | Reached skill level 5 in Long Blades
  3052 | D:5      | Reached XP level 7. HP: 45/61 MP: 6/6
  3092 | D:4      | HP: 1/61 [ice beast (6)]
  3093 | D:4      | Slain by an ice beast

Vault maps used:
D:1:      dpeg_arrival_sounds_slurp, monster_avoids_cloud
D:2:      first_bread, ecumenical_altar_2, uniq_jessica, uniq_crazy_yiuf_cottage
D:3:      minmay_item_behind_shaft
D:4:      nicolae_ru_awakened_eye
D:5:      overflow_temple_1_default, patterned_corridor

Action                   |  1- 3 |  4- 6 |  7- 9 || total
-------------------------+-------+-------+-------++-------
Melee: Long sword        |    94 |   147 |    14 ||   255
  Use: Potion            |       |       |     2 ||     2
  Eat: Chunk             |       |     6 |       ||     6
